 Dungeon Crawl Stone Soup version 0.21.0 (webtiles) character file.

3437 Suckerboh the Grappler (level 9, -3/83 HPs)
             Began as a Troll Monk on Jan 7, 2018.
             Slain by an orc knight
             ... wielding a +0 glaive
              (14 damage)
             ... in a bailey.
             The game lasted 00:11:12 (5531 turns).

Suckerboh the Grappler (Troll Monk)                 Turns: 5531, Time: 00:11:13

Health: -3/83      AC:  9    Str: 21    XL:     9   Next: 77%
Magic:  8/8        EV: 13    Int:  6    God:
Gold:   297        SH:  0    Dex: 15    Spells: 8/8 levels left

rFire    . . .     SeeInvis .     - Unarmed
rCold    . . .     Gourm    +   (no shield)
rNeg     . . .     Faith    .   x - +1 robe
rPois    .         Spirit   .   (helmet restricted)
rElec    .         Reflect  .   v - +2 cloak
rCorr    .         Harm     .   (gloves unavailable)
MR       .....                  (boots unavailable)
Stlth    +.........             g - amulet of regeneration
HPRegen  1.03/turn              s - ring of loudness (curse)
MPRegen  0.11/turn              (no ring)

@: no status effects
A: large, unfitting armour, claws 3, fast metabolism 3, gourmand, regeneration
1, shaggy fur 1, tough skin 2
a: no special abilities


You were in a bailey.
You were completely stuffed.

You visited 1 branch of the dungeon, and saw 7 of its levels.
You also visited: Ossuary and Bailey.

You collected 297 gold pieces.

Inventory:

Missiles
 u - 3 large rocks (quivered)
Armour
 v - a +2 cloak (worn)
 x - a +1 robe (worn)
Jewellery
 g - an amulet of regeneration (around neck)
 s - a cursed ring of loudness (left claw)
 D - an uncursed amulet of rage {unknown}
Wands
 A - a wand of flame (29)
 C - a wand of disintegration (14)
Scrolls
 c - 2 scrolls of fog {unknown}
 d - 11 scrolls of identify {unknown}
 h - 4 scrolls of enchant weapon {unknown}
 i - 5 scrolls of teleportation {unknown}
 k - a scroll of immolation {unknown}
 l - 2 scrolls of noise {unknown}
 m - a scroll of amnesia {unknown}
 n - 3 scrolls of enchant armour {unknown}
 o - a scroll of magic mapping {unknown}
 q - a scroll of remove curse {unknown}
 w - 2 scrolls of blinking {unknown}
 y - a scroll of summoning {unknown}
 B - a scroll of fear {unknown}
 F - a scroll of holy word {unknown}
Potions
 a - a potion of flight {unknown}
 e - 5 potions of curing {unknown}
 f - 5 potions of heal wounds {unknown}
 j - 2 potions of agility {unknown}
 p - 2 potions of lignification {unknown}
 r - 2 potions of haste {unknown}
 t - 2 potions of degeneration {unknown}
 z - 2 potions of invisibility {unknown}
Comestibles
 b - 10 rations
 E - 10 chunks of flesh


   Skills:
 + Level 3.6 Fighting
 + Level 5.2 Dodging
 - Level 1.0 Stealth
 * Level 12.4 Unarmed Combat


You had 8 spell levels left.
You didn't know any spells.

Dungeon Overview and Level Annotations

Branches:
Dungeon (7/15)
 Temple: D:4-7

Altars:
Cheibriados
Dithmenos
Elyvilon
Hepliaklqana
Vehumet
Xom
Yredelemnul


Innate Abilities, Weirdness & Mutations

You are too large for most types of armour.
You have claws for hands.
Your metabolism is lightning-fast.
You like to eat raw meat.
Your natural rate of healing is unusually fast.
You are covered in fur. (AC +1)
You have very tough skin. (AC +2)


Message History

The orc warrior shoots a bolt.
The bolt closely misses you.
The bolt closely misses the orc warrior.
You completely miss the orc knight.
You claw the orc knight, but do no damage.
The orc knight is lightly wounded.
The orc warrior hits you. The orc knight barely misses you.
The orc warrior shoots a bolt.
The bolt misses you.
The bolt hits the orc warrior!!
You scratch the orc knight but do no damage.
The orc knight is lightly wounded.
The orc warrior misses you.
You scratch the orc knight.
The orc knight is lightly wounded.
The orc knight hits you with a glaive!
You claw the orc knight! You claw the orc knight.
The orc knight is moderately wounded.
The orc warrior hits you!
The orc warrior shoots a bolt.
The bolt hits you!
* * * LOW HITPOINT WARNING * * *
The orc knight hits you with a glaive!
You die...

## ###
##.###########∩## ##
#..(##.....##.∩.##..
#[.o#..≈≈≈..#.))#..≈
#..@#(≈≈o≈≈.......≈≈
#.o.'.≈oo.≈.......≈o
#(..#.≈≈o≈≈.......≈≈
#?.o#..≈≈≈..#...#..≈
#$..##.....##...##..
##.###########∩## ##
## ###


You could see an orc knight, 4 orc warriors and an orc.

Vanquished Creatures
  An orc knight (Bailey)
  Eustachio (D:5)
  Menkaure (D:5)
  Duvessa (D:4)
  A water moccasin (D:5)
  An orc warrior (D:6)
  A sky beast (D:6)
  2 ogres
  A centaur (D:6)
  2 bullfrogs (D:6)
  Dowan (D:4)
  A gnoll sergeant (D:4)
  7 scorpions
  3 howler monkeys (D:4)
  2 bullfrog zombies
  3 centaur zombies (Ossuary)
  A quasit (D:6)
  Crazy Yiuf (D:4)
  2 hounds (D:5)
  2 jellies (D:6)
  5 human zombies (Ossuary)
  3 orc priests
  2 bullfrog skeletons (D:5)
  2 iguanas
  5 orc wizards
  4 worker ants
  3 big kobold zombies (Ossuary)
  A hound skeleton (D:7)
  3 mummies (Ossuary)
  7 adders
  6 gnolls
  6 scorpion zombies (Ossuary)
  An adder zombie (D:5)
  4 worms
  8 dart slugs
  4 leopard geckos
  29 orcs
  5 bats
  6 giant cockroaches
  A gnoll zombie (Ossuary)
  13 goblins
  A hobgoblin (D:1)
  12 jackals
  6 kobolds
  4 quokkas
  2 ball pythons (D:1)
  3 frilled lizards
  A hobgoblin zombie (Ossuary)
  A kobold zombie (Ossuary)
  A leopard gecko skeleton (D:4)
  A leopard gecko zombie (D:5)
  2 orc zombies (Ossuary)
  2 quokka skeletons
  8 rats
197 creatures vanquished.

Notes
Turn   | Place    | Note
-------+----------+-------------------------------------------
     0 | D:1      | Suckerboh the Troll Monk began the quest for the Orb.
     0 | D:1      | Reached XP level 1. HP: 22/22 MP: 0/0
   180 | D:1      | Reached XP level 2. HP: 15/29 MP: 1/1
   637 | D:1      | Reached XP level 3. HP: 26/36 MP: 2/2
   965 | D:2      | Found a shimmering altar of Xom.
   966 | D:2      | Found a hazy altar of Hepliaklqana.
   966 | D:2      | Noticed a hungry ghost
   967 | D:2      | Noticed a hungry ghost
   967 | D:2      | Noticed a spectral ugly thing
  1086 | D:2      | Reached skill level 4 in Unarmed Combat
  1219 | D:2      | Found a snail-covered altar of Cheibriados.
  1676 | D:3      | Reached XP level 4. HP: 44/44 MP: 3/3
  2198 | D:4      | Reached skill level 5 in Unarmed Combat
  2211 | D:4      | Reached XP level 5. HP: 50/50 MP: 4/4
  2212 | D:4      | Noticed Dowan
  2214 | D:4      | Noticed Duvessa
  2226 | D:4      | Killed Duvessa
  2236 | D:4      | Killed Dowan
  2236 | D:4      | Reached skill level 6 in Unarmed Combat
  2236 | D:4      | Reached XP level 6. HP: 51/59 MP: 5/5
  2412 | D:4      | Reached skill level 7 in Unarmed Combat
  2467 | D:4      | Reached XP level 7. HP: 66/66 MP: 6/6
  2853 | D:4      | Found a runed door.
  2993 | D:4      | Noticed Crazy Yiuf
  2998 | D:4      | Killed Crazy Yiuf
  2998 | D:4      | Reached skill level 8 in Unarmed Combat
  3081 | D:5      | Entered Level 5 of the Dungeon
  3112 | D:5      | Noticed Eustachio
  3120 | D:5      | Killed Eustachio
  3141 | D:5      | Found a basalt altar of Yredelemnul.
  3218 | D:5      | Noticed Menkaure
  3224 | D:5      | Killed Menkaure
  3224 | D:5      | Reached skill level 9 in Unarmed Combat
  3224 | D:5      | Reached XP level 8. HP: 61/75 MP: 7/7
  3293 | D:5      | Found a sand-covered staircase.
  3300 | Ossuary  | Entered an ossuary
  3458 | Ossuary  | Reached skill level 10 in Unarmed Combat
  3768 | D:5      | Found a radiant altar of Vehumet.
  3875 | D:5      | Found a white marble altar of Elyvilon.
  4374 | D:6      | Found a shadowy altar of Dithmenos.
  4389 | D:5      | Reached skill level 11 in Unarmed Combat
  4389 | D:5      | Reached XP level 9. HP: 47/83 MP: 8/8
  5423 | D:7      | Reached skill level 12 in Unarmed Combat
  5454 | D:7      | Found a flagged portal.
  5470 | Bailey   | Entered a bailey
  5470 | Bailey   | Noticed an orc knight
  5477 | Bailey   | Noticed an orc knight
  5490 | Bailey   | Killed an orc knight
  5490 | Bailey   | Reached skill level 5 in Dodging
  5524 | Bailey   | Noticed an orc knight
  5531 | Bailey   | Slain by an orc knight

Skill      XL: |  1  2  3  4  5  6  7  8  9 |
---------------+----------------------------+-----
Unarmed Combat | 4 5 6 7 9 11 12 | 12.4
Dodging        | 3 4 5 |  5.2
Fighting       | 3 |  3.6
Stealth        | |  1.0

Action                   |  1- 3 |  4- 6 |  7- 9 || total
-------------------------+-------+-------+-------++-------
Melee: Unarmed           |   126 |   104 |   405 ||   635
       Punch             |     4 |     4 |    29 ||    37
 Stab: Sleeping          |     7 |       |       ||     7
  Eat: Chunk             |    20 |     8 |    28 ||    56
Armor: Robe              |    42 |    26 |   179 ||   247
Dodge: Dodged            |    62 |    51 |   245 ||   358
